 Dungeon Crawl Stone Soup version 0.18-a0-1041-gbe91bf5 (webtiles) character file.

59818 Duffy the Severer (level 14, -2/193 HPs)
             Began as a Hill Orc Fighter on Jan 10, 2016.
             Was the Champion of Makhleb.
             Slain by an orange demon (4 damage)
             ... on level 8 of the Lair of Beasts.
             The game lasted 00:25:31 (18159 turns).

Duffy the Severer (Hill Orc Fighter)               Turns: 18159, Time: 00:25:31

Health: -2/193     AC: 27    Str: 25    XL:     14   Next: 96%
Magic:  18/18      EV:  2    Int:  8    God:    Makhleb [******]
Gold:   1097       SH:  0    Dex: 14    Spells: 2 memorised, 9 levels left

rFire  . . .     SeeInvis .     A - +1 broad axe (flame)
rCold  . . .     Gourm    .     (armour currently unavailable)
rNeg   + + +     Faith    .     (no shield)
rPois  +         Spirit   .     (helmet currently unavailable)
rElec  .         Dismiss  .     (cloak currently unavailable)
rCorr  .         Reflect  .     (gloves currently unavailable)
SustAt .         Harm     .     (boots currently unavailable)
MR     +....     NoTele   +     l - amulet of regeneration
Stlth  ++........               F - +3 ring of evasion
                                x - ring of positive energy

@: mighty, lethally poisoned (-2 -> -22), exhausted, tree-form, slowed, very
slow, somewhat resistant to hostile enchantments, unstealthy
A: (fangs 0)
a: Minor Destruction, Lesser Servant of Makhleb, Major Destruction, Greater
Servant of Makhleb, Renounce Religion


You were on level 8 of the Lair of Beasts.
You worshipped Makhleb.
Makhleb was exalted by your worship.
You were hungry.
You were a tree.
You visited 2 branches of the dungeon, and saw 20 of its levels.
You also visited: Volcano.

You collected 1468 gold pieces.
You spent 371 gold pieces at shops.


Innate Abilities, Weirdness & Mutations

((You have very sharp teeth.))


   Skills:
 + Level 13.2 Fighting
 - Level 20.0 Axes
 + Level 13.8 Armour
 + Level 8.4 Dodging
   Level 3.2 Shields
 - Level 6.2 Invocations


You had 9 spell levels left.
You knew the following spells:

 Your Spells              Type           Power        Failure   Level  Hunger
a - Apportation           Tloc           #.........   43%         1    ##.....
b - Regeneration          Chrm/Necr      #.........   95%         3    ####...

Inventory:

Hand Weapons
 v - a +0 blowgun
 A - a +1 broad axe of flaming (weapon)
 B - a +0 battleaxe
Missiles
 b - 7 curare-tipped needles
 w - 72 poisoned needles
Armour
 e - a +0 pair of boots (melded)
 y - a +2 pair of gloves (melded)
 E - a +2 cloak (melded)
 T - a +0 plate armour (melded)
 V - a +2 hat of magic resistance (melded)
Jewellery
 d - an uncursed ring of fire
 l - an amulet of regeneration (around neck)
 x - a ring of positive energy (left branch)
 F - a +3 ring of evasion (right branch)
 S - an uncursed ring of magical power
Wands
 c - a wand of flame (30/48)
 u - a wand of teleportation (3/9)
 J - a wand of polymorph (12/24)
 X - a wand of heal wounds (2/9)
Scrolls
 k - 3 scrolls of fog
 m - 4 scrolls of teleportation
 n - 4 scrolls of magic mapping
 q - 3 scrolls of recharging
 t - 5 scrolls of remove curse
 K - 2 scrolls of enchant weapon
 L - a scroll of enchant armour
 M - 6 scrolls of fear
 N - 3 scrolls of immolation
 Z - a scroll of vulnerability
Potions
 a - 2 potions of haste
 g - 5 potions of agility
 p - 6 potions of heal wounds
 r - a potion of invisibility
 s - 8 potions of curing
 z - 3 potions of magic
 C - 3 potions of lignification
 I - a potion of cancellation
 Q - a potion of resistance {unknown}
 R - a potion of cure mutation
 U - 3 potions of flight
Miscellaneous
 H - a fan of gales
Comestibles
 f - 14 bread rations
 h - 9 beef jerkies
 i - 10 meat rations
 o - a slice of pizza
 D - 4 fruits
 G - 11 royal jellies

Dungeon Overview and Level Annotations

Branches:
Dungeon (12/15)            Temple (0/1) D:6            Lair (8/8) D:11
  Swamp (0/4) Lair:4       Spider (0/4) Lair:5        Slime (0/6) Lair:8
    Orc (0/2) D:11

Altars:
Ashenzari
Cheibriados
Dithmenos
Elyvilon
Fedhas
Gozag
Makhleb
Nemelex Xobeh
Okawaru
Qazlal
Ru
Sif Muna
Vehumet
Xom
Zin
The Shining One

Shops:
D:6 [   D:7 *   D:8 }   D:9 ?

Portals:
Hell: Lair:8

Annotations:
Lair:4 exclusion: oklob plant


Message History

You are more poisoned.
The orange demon stings you.
You are more poisoned.
The orange demon poisons you!
The orange demon hits you but does no damage.
The red devil hits you but does no damage.
You completely miss the hell hound.
The hell hound is almost dead.
You completely miss the orange demon.
The orange demon is severely wounded.
You feel very sick.
The hell hound bites you but does no damage. x2
The red devil closely misses you. The orange demon completely misses you.
The orange demon barely misses you. The red devil misses you.
Drink which item? (? for menu, Esc to quit)
You turn into a tree.
Your +2 cloak melds into your body.
Your +2 hat of magic resistance melds into your body.
Your +2 pair of gloves melds into your body.
Your +0 pair of boots melds into your body.
Your +0 plate armour melds into your body.
You feel less resistant to hostile enchantments.
Your roots penetrate the ground.
You feel very sick. The hell hound bites you.
The hell hound bites you but does no damage.
The red devil hits you but does no damage.
The orange demon stings you but does no damage.
The orange demon hits you but does no damage.
The red devil hits you but does no damage.
Drink which item? (? for menu, Esc to quit)
You feel very mighty all of a sudden.
You feel very sick.
The hell hound bites you but does no damage.
The orange demon stings you.
You die...

77....777 77....7 ....777
7.....7 7.777
######''#######
77+#########.............#
........#...8....8....#
..8.8...'.............#
...8.8..###############
..8.8...#....4...~~~0
...8.8.)#....7.....~~
..8.8...'....h.0...\0
...8.8..#....404..~0~
........#.....000~0~~
############~~0000~~~
00~~~~00~~ ##########


You could see an orange demon, 2 red devils and a hell hound.

Action                   |  1- 3 |  4- 6 |  7- 9 | 10-12 | 13-15 || total
-------------------------+-------+-------+-------+-------+-------++-------
Melee: War axe           |   152 |   146 |   445 |   401 |       ||  1144
       Broad axe         |       |       |       |   471 |   300 ||   771
       Battleaxe         |       |       |       |   192 |   632 ||   824
       Dire flail        |       |       |       |     7 |    10 ||    17
 Fire: Blowgun           |       |     3 |       |       |       ||     3
Invok: Lesser Servant of |       |       |       |       |     2 ||     2
Evoke: Wand              |       |       |       |     3 |       ||     3
  Use: Potion            |       |     1 |       |     1 |     7 ||     9
       Scroll            |       |       |     8 |    11 |    14 ||    33
 Stab: Distracted        |       |       |       |       |     1 ||     1
  Eat: Chunk             |     2 |     4 |     9 |    22 |    18 ||    55
       Royal jelly       |       |       |       |       |     2 ||     2

Notes
Turn   | Place    | Note
--------------------------------------------------------------
     0 | D:1      | Duffy the Hill Orc Fighter began the quest for the Orb.
     0 | D:1      | Reached XP level 1. HP: 19/19 MP: 1/1
    53 | D:1      | Reached skill level 3 in Axes
   154 | D:1      | Reached XP level 2. HP: 13/26 MP: 2/2
   497 | D:1      | Reached skill level 4 in Axes
   850 | D:2      | Reached XP level 3. HP: 28/31 MP: 3/3
   992 | D:2      | Found a burning altar of Makhleb.
  1001 | D:2      | Became a worshipper of Makhleb the Destroyer
  1070 | D:2      | Reached skill level 5 in Axes
  1352 | D:2      | Found a sacrificial altar of Ru.
  1353 | D:2      | Found an iron altar of Okawaru.
  1383 | D:3      | Found a faded altar to an unknown god.
  1393 | D:3      | Reached XP level 4. HP: 39/39 MP: 4/4
  1587 | D:3      | Reached * piety under Makhleb
  1674 | D:3      | Found a snail-covered altar of Cheibriados.
  1718 | D:3      | Reached skill level 6 in Axes
  1786 | D:3      | Noticed Grinder
  1795 | D:3      | Paralysed by Grinder for 7 turns
  1804 | D:3      | Paralysed by Grinder for 2 turns
  2075 | D:4      | Reached XP level 5. HP: 45/45 MP: 5/5
  2081 | D:4      | Reached skill level 7 in Axes
  2396 | D:4      | Reached skill level 4 in Fighting
  2503 | D:4      | Noticed an ogre
  2517 | D:4      | Killed an ogre
  2517 | D:4      | Reached skill level 8 in Axes
  2517 | D:4      | Reached XP level 6. HP: 34/53 MP: 6/6
  2734 | D:5      | Entered Level 5 of the Dungeon
  2800 | D:5      | Noticed dvd's ghost (amateur OpIE)
  2805 | D:5      | Reached skill level 5 in Fighting
  2850 | D:6      | Noticed an orc warrior
  2927 | D:6      | Reached ** piety under Makhleb
  2928 | D:6      | Killed an orc warrior
  2928 | D:6      | Reached XP level 7. HP: 55/61 MP: 7/7
  2962 | D:5      | Killed dvd's ghost
  2962 | D:5      | Reached skill level 6 in Fighting
  2962 | D:5      | Reached skill level 9 in Axes
  3313 | D:5      | Found a radiant altar of Vehumet.
  3428 | D:5      | Reached skill level 10 in Axes
  3428 | D:5      | Reached XP level 8. HP: 71/71 MP: 8/8
  3699 | D:3      | Found a shimmering altar of Xom.
  3758 | D:3      | Found a sparkling altar of Nemelex Xobeh.
  3994 | D:3      | Noticed Crazy Yiuf
  4002 | D:3      | Killed Crazy Yiuf
  4099 | D:3      | Killed Grinder
  4099 | D:3      | Reached skill level 11 in Axes
  4212 | D:6      | Reached skill level 4 in Armour
  4223 | D:6      | Found an opulent altar of Gozag.
  4288 | D:6      | Found an iron altar of Okawaru.
  4370 | D:6      | Reached *** piety under Makhleb
  4417 | D:6      | Found a staircase to the Ecumenical Temple.
  4493 | D:6      | Reached skill level 12 in Axes
  4595 | D:6      | Reached skill level 5 in Armour
  4654 | D:6      | Found a stormy altar of Qazlal.
  4678 | D:6      | Reached XP level 9. HP: 78/78 MP: 9/9
  4737 | D:6      | Reached skill level 6 in Armour
  4754 | D:6      | Reached skill level 13 in Axes
  4854 | D:6      | Found Sesaak's Armour Boutique.
  4920 | D:6      | Reached skill level 7 in Armour
  4957 | D:6      | Found a deep blue altar of Sif Muna.
  5025 | D:6      | Found a shattered altar of Ashenzari.
  5169 | D:7      | Reached **** piety under Makhleb
  5257 | D:7      | Found a blossoming altar of Fedhas.
  5311 | D:7      | Found Yqups's Serpentskin Sales.
  5316 | D:7      | Reached skill level 8 in Armour
  5335 | D:7      | Reached XP level 10. HP: 77/84 MP: 10/10
  5459 | D:7      | Reached skill level 14 in Axes
  5481 | D:7      | Noticed Menkaure
  5491 | D:7      | Killed Menkaure
  5701 | D:8      | Noticed George's ghost (novice DsGl)
  5746 | D:8      | Killed George's ghost
  5746 | D:8      | Reached skill level 9 in Armour
  5854 | D:8      | Found Feuleneq's Gadget Shop.
  5865 | D:8      | Reached skill level 1 in Invocations
  5925 | D:8      | Found a white marble altar of Elyvilon.
  5927 | D:8      | Found a glowing silver altar of Zin.
  5928 | D:8      | Found a glowing golden altar of the Shining One.
  5936 | D:8      | Noticed Erolcha
  5959 | D:8      | Killed Erolcha
  5959 | D:8      | Reached skill level 15 in Axes
  5959 | D:8      | Reached skill level 3 in Invocations
  6211 | D:8      | Reached skill level 4 in Invocations
  6229 | D:8      | Noticed Maurice
  6571 | D:8      | Reached ***** piety under Makhleb
  6635 | D:8      | Killed Maurice
  6635 | D:8      | Reached skill level 5 in Invocations
  6704 | D:8      | Noticed Joseph
  6722 | D:8      | Reached XP level 11. HP: 53/91 MP: 13/15
  6745 | D:8      | Killed Joseph
  6745 | D:8      | Reached skill level 6 in Invocations
  7206 | D:9      | Found a shadowy altar of Dithmenos.
  7366 | D:9      | Reached skill level 7 in Fighting
  7475 | D:9      | Reached skill level 1 in Dodging
  7801 | D:9      | Reached skill level 16 in Axes
  7842 | D:9      | Found Meluijua's Magic Scroll Shoppe.
  7859 | D:9      | Bought a scroll of fear for 49 gold pieces
  7859 | D:9      | Bought a scroll of identify for 28 gold pieces
  7859 | D:9      | Bought a scroll of identify for 28 gold pieces
  7859 | D:9      | Bought a scroll of identify for 28 gold pieces
  7859 | D:9      | Bought 2 scrolls of identify for 56 gold pieces
  7859 | D:9      | Bought a scroll of magic mapping for 49 gold pieces
  7872 | D:9      | Gained mutation: You have very sharp teeth. [potion of beneficial mutation]
  7874 | D:9      | Bought a scroll of recharging for 133 gold pieces
  8256 | D:10     | Entered Level 10 of the Dungeon
  8430 | D:10     | Reached skill level 2 in Dodging
  8478 | D:10     | Noticed a hill giant
  8486 | D:10     | Reached skill level 10 in Armour
  8499 | D:10     | Killed a hill giant
  9100 | D:11     | Noticed Gastronok
  9124 | D:11     | Killed Gastronok
  9124 | D:11     | Reached skill level 8 in Fighting
  9124 | D:11     | Reached skill level 3 in Dodging
  9198 | D:11     | Found a staircase to the Orcish Mines.
  9319 | D:11     | Reached XP level 12. HP: 101/103 MP: 16/16
  9331 | D:11     | Learned a level 1 spell: Apportation
  9392 | D:11     | Reached skill level 4 in Dodging
  9447 | D:11     | Found a staircase to the Lair.
  9451 | D:11     | Reached skill level 9 in Fighting
  9608 | D:11     | Reached ****** piety under Makhleb
  9680 | D:11     | Reached skill level 11 in Armour
  9856 | D:11     | Reached skill level 17 in Axes
 10029 | D:12     | Noticed Urug
 10047 | D:12     | Killed Urug
 10149 | D:12     | Noticed a seven-headed hydra
 10203 | D:12     | Killed a seven-headed hydra
 10612 | Lair:1   | Entered Level 1 of the Lair of Beasts
 10625 | Lair:1   | Reached skill level 18 in Axes
 11468 | Lair:2   | Reached XP level 13. HP: 112/112 MP: 17/17
 11578 | Lair:2   | Reached skill level 19 in Axes
 11655 | Lair:2   | Noticed Prince Ribbit
 11682 | Lair:2   | Killed Prince Ribbit
 12134 | Lair:2   | Found a shadowy altar of Dithmenos.
 12633 | Lair:3   | Reached skill level 20 in Axes
 12645 | Lair:3   | Reached skill level 5 in Dodging
 13217 | Lair:4   | Reached skill level 10 in Fighting
 13530 | Lair:4   | Found a staircase to the Swamp.
 13996 | Lair:5   | Found a hole to the Spider Nest.
 14465 | Lair:5   | Reached skill level 12 in Armour
 14465 | Lair:5   | Reached skill level 6 in Dodging
 14668 | Lair:5   | Reached skill level 11 in Fighting
 14991 | Lair:5   | Reached XP level 14. HP: 49/124 MP: 18/18
 15600 | Lair:6   | Learned a level 3 spell: Regeneration
 15807 | Lair:6   | Reached skill level 7 in Dodging
 16131 | Lair:7   | Noticed Josephine
 16145 | Lair:7   | Killed Josephine
 16145 | Lair:7   | Reached skill level 12 in Fighting
 16188 | Lair:7   | Found a dark tunnel.
 16197 | Volcano  | Entered a volcano
 16388 | Volcano  | Found a burning altar of Makhleb.
 16479 | Volcano  | Reached skill level 13 in Armour
 17292 | Lair:8   | Entered Level 8 of the Lair of Beasts
 17694 | Lair:8   | Found a staircase to the Slime Pits.
 17902 | Lair:8   | Reached skill level 8 in Dodging
 17954 | Lair:8   | Noticed a dire elephant
 17977 | Lair:8   | Killed a dire elephant
 18115 | Lair:8   | Reached skill level 13 in Fighting
 18116 | Lair:8   | Found a burning altar of Makhleb.
 18138 | Lair:8   | Found a gateway to Hell.
 18159 | Lair:8   | Slain by an orange demon

Vault maps used:
D:1:      ncdulo_smallfort
D:2:      bloody_makhleb, gammafunk_temple_overflow_statue
D:3:      lemuel_round_altar, grunt_temple_overflow_open, ecumenical_altar_1,
          uniq_crazy_yiuf_cottage, uniq_grinder
D:5:      fiery_altar_vehumet, first_bread
D:6:      lemuel_blue_sif_altar, lemuel_coloured_pillars_altar,
          grunt_gozag_statues, grunt_qazlal_sundering,
          minmay_temple_entry_enclosed_plants, basic_altar, serial_shops,
          kennysheep_mini
D:7:      basic_altar, guppyfry_shop_venom, uniq_menkaure
D:8:      good_gods_temple_1, serial_shops, shop, uniq_joseph, uniq_erolcha,
          uniq_maurice
D:9:      lemuel_ice_statue, basic_altar, serial_shops, shop
D:11:     erik_lair_orcish_takeover, uniq_gastronok
D:12:     uniq_urug
Lair:1:   infiniplex_staircase_pool, grunt_megastairs_5
Lair:2:   lemuel_centaur_altar, uniq_prince_ribbit2
Lair:4:   nicolae_swamp_entry_splash_gauntlet
Lair:5:   minmay_lair_venomous_thicket, nicolae_spider_entry_non_spiders,
          bh_autumn_forest_stairs, grunt_megastairs_2, serial_bayou_shore_b
Lair:7:   nicolae_volcano_entry_vermiform, infiniplex_staircase_pool_2,
          grunt_megastairs_4, uniq_josephine
Lair:8:   evil_forest, minmay_slime_entry_pillars
Volcano:  volcano_lake

Vanquished Creatures
  Gastronok
  A dire elephant Josephine
  6 hydras Erolcha
  4 death yaks
  A sun demon Urug
  A hell knight
  The ghost of George the Carver, a novice DsGl of Qazlal
  An unseen horror
  A lindwurm
  A hill giant
  A wizard
  2 ugly things
  A wolf spider Joseph Maurice
  An elephant
  A toenail golem
  A smoke demon
  A molten gargoyle
  7 black mambas
  A gargoyle
  5 spiny frogs
  4 orange demons
  13 komodo dragons
  A hellwing
  2 ice devils
  4 fire drakes
  A queen bee
  A red devil
  4 two-headed ogres
  A polar bear Prince Ribbit Grinder
  A slime creature
  11 blink frogs
  A troll
  The ghost of dvd the Chiller, an amateur OpIE
  5 wraiths
  6 basilisks
  3 wyverns
  3 fire bats
  49 yaks
  8 hippogriffs Menkaure
  17 wolves
  2 wargs
  6 swamp worms
  15 water moccasins
  A hell hound
  5 orc warriors
  14 porcupines
  3 sky beasts
  6 ogres
  2 phantoms
  2 wasps
  An ice beast
  2 necrophages
  9 centaurs
  17 crocodiles
  2 big kobolds
  21 giant frogs
  6 scorpions
  48 killer bees
  15 wights
  An electric eel
  2 lava snakes
  A centaur zombie
  4 crimson imps
  6 hounds
  A quasit
  3 orc priests Crazy Yiuf
  6 jellies
  A giant frog skeleton
  4 centaur skeletons
  7 iguanas
  8 orc wizards
  13 worker ants
  19 sheep
  2 hound zombies
  2 worker ant zombies
  22 adders
  6 gnolls
  37 river rats
  3 shadow imps
  2 oozes
  2 adder zombies
  10 worms
  5 giant geckos
  36 orcs
  9 giant cockroaches
  5 goblins
  6 hobgoblins
  14 jackals
  4 quokkas
  2 ball pythons
  6 bats
  A giant gecko skeleton
  6 giant newts
  17 kobolds
  2 quokka skeletons
  4 rats
  21 fungi
  8 plants
669 creatures vanquished.
